 Dungeon Crawl Stone Soup version 0.30-a0-782-ge64f9170bb (webtiles) character file.

Game seed: 5282593475231972398

10944 HoaS the Marksdemigod (level 11, -16/85 HPs)
             Began as a Demigod Hunter on Mar 10, 2023.
             Demolished by a catoblepas (25 damage)
             ... on level 1 of the Lair of Beasts.
             The game lasted 00:17:36 (9352 turns).

HoaS the Marksdemigod (Demigod Hunter)              Turns: 9352, Time: 00:17:36

Health: -16/85     AC: 14    Str: 10    XL:     11   Next: 19%
Magic:  14/14      EV: 16    Int: 14    God:
Gold:   800        SH:  0    Dex: 29    Spells: 10/10 levels left

rFire   . . .      SeeInvis .    a - +2 shortbow (drain)
rCold   . . .      Faith    .    (shield currently unavailable)
rNeg    . . .      Spirit   .    c - +1 leather armour
rPois   +          Reflect  .    m - +1 helmet of Ubymiklou {rPois Str-2 Int+3}
rElec   .          Harm     .    k - +2 cloak
rCorr   .          Rampage  .    n - +1 pair of gloves
Will    +....                    h - +2 pair of boots
Stlth   ++                       (no amulet)
HPRegen 0.34/turn                (no ring)
MPRegen 0.14/turn                (no ring)

@: no status effects
A: high MP 1, forlorn, divine attributes
a: no special abilities


You were on level 1 of the Lair of Beasts.
You visited 2 branches of the dungeon, and saw 11 of its levels.

You collected 800 gold pieces.

Inventory:

Hand Weapons
 a - a +2 shortbow of draining (weapon)
Armour
 c - a +1 leather armour (worn)
 h - a +2 pair of boots (worn)
 k - a +2 cloak (worn)
 m - the +1 helmet of Ubymiklou (worn) {rPois Str-2 Int+3}
   (You took it off Robin on level 3 of the Dungeon)

   Str:       It affects your strength (-2).
   Int:       It affects your intelligence (+3).
   rPois:     It protects you from poison.
 n - a +1 pair of gloves (worn)
Wands
 e - a wand of flame (22)
 i - a wand of roots (19)
 q - a wand of acid (4)
 t - a wand of digging (5)
Scrolls
 b - 2 scrolls of immolation
 d - 9 scrolls of teleportation
 l - a scroll of silence
 r - a scroll of poison
 u - 2 scrolls of blinking
Potions
 f - 6 potions of curing
 j - a potion of flight
 o - 3 potions of attraction
 p - a potion of haste
 s - 3 potions of mutation
 w - a potion of magic {unknown}


   Skills:
 + Level 4.9 Fighting
 - Level 16.0 Ranged Weapons
 + Level 4.9 Dodging
 - Level 0.8 Stealth


You had 10 spell levels left.
You didn't know any spells.
Your spell library contained the following spells:

 Spells                   Type           Power      Damage    Failure   Level
 Foxfire                  Conj/Fire      0%         2x1d4     36%         1
 Freeze                   Ice            0%         1d3       36%         1
 Frozen Ramparts          Ice            0%         1d1       75%         3
 Hailstorm                Conj/Ice       0%         3d3       75%         3
 Fireball                 Conj/Fire      0%         3d3       100%        5
 Starburst                Conj/Fire      0%         6d3       100%        6


Dungeon Overview and Level Annotations

Branches:
Dungeon (10/15)            Temple (0/1) D:7            Lair (1/5) D:10
    Orc (0/2) D:10

Shops:
D:4 [


Innate Abilities, Weirdness & Mutations

You have an increased reservoir of magic. (+10% MP)
You shall have no god before yourself.
Your divine heritage dramatically boosts your attributes as you level up.


Message History

The catoblepas is lightly wounded.
The catoblepas breathes a plume of calcifying dust at you.
The blast of calcifying dust hits you but does no damage.
You shoot an arrow. The arrow hits the catoblepas!
The catoblepas is moderately wounded.
You are engulfed in calcifying dust.
The catoblepas gores you but does no damage.
You shoot an arrow. The arrow hits the catoblepas!
The catoblepas is heavily wounded.
You are engulfed in calcifying dust.
You are slowing down.
The catoblepas gores you!!
You shoot an arrow. The arrow hits the catoblepas.
You drain the catoblepas.
The catoblepas is severely wounded.
You are engulfed in calcifying dust.
Your limbs have turned to stone.
The catoblepas gores you.
You have turned to stone.
You are engulfed in calcifying dust.
The catoblepas breathes a plume of calcifying dust at you.
The blast of calcifying dust hits you but does no damage.
The catoblepas gores you!!
The catoblepas gores you but does no damage.
The catoblepas gores you!! x2
The catoblepas gores you! The komodo dragon bites you.
The catoblepas gores you!
* * * LOW HITPOINT WARNING * * *
The komodo dragon bites you!
* * * LOW HITPOINT WARNING * * *
The catoblepas gores you but does no damage.
The komodo dragon bites you but does no damage.
The catoblepas gores you.
* * * LOW HITPOINT WARNING * * *
The komodo dragon bites you.
* * * LOW HITPOINT WARNING * * *
The catoblepas gores you.
* * * LOW HITPOINT WARNING * * *
You turn to flesh and can move again.
You shoot an arrow. The arrow hits the catoblepas.
The catoblepas is severely wounded.
The komodo dragon misses you. The catoblepas gores you!!
You die...

#.⌠........# #.........#
##..#.......####........##
#.......................#
#..........##..........#
#..........####........#
####.#.####.# #........# #
#...#### ####.##### ###l#
### #@# .......Y..#
..........# ...........#
..........## ..........#
..........# ..........#


You could see a catoblepas (drained) and a komodo dragon.

Vanquished Creatures
  A two-headed ogre (D:8)
  A tengu warrior (D:9)
  An elephant (D:10)
  A black mamba (Lair:1)
  2 komodo dragons (Lair:1)
  A rime drake (Lair:1)
  Sigmund (D:3)
  A shadow (D:9)
  4 yaks (D:9)
  A wyvern (D:10)
  A wraith (D:9)
  2 steam dragons
  A water moccasin (D:8)
  2 orc warriors
  2 ice beasts
  4 black bears
  2 sky beasts (D:7)
  4 wolves (Lair:1)
  5 centaurs
  A kobold brigand (D:7)
  3 scorpions
  4 bullfrogs
  A gnoll sergeant (D:5)
  13 killer bees
  5 orc priests
  3 hounds
  A jelly (D:5)
  A gnoll bouda (D:4)
  Ijyb (D:5)
  An iguana (D:6)
  4 orc wizards
  Robin (D:3)
  7 adders
  11 gnolls
  A shadow imp (D:7)
  An ufetubus (D:4)
  2 worms
  A dart slug (D:1)
  12 orcs
  5 endoplasms
  3 giant cockroaches
  5 hobgoblins
  4 jackals (D:1)
  3 quokkas
  4 ball pythons
  5 bats
  5 frilled lizards
  12 goblins
  10 kobolds
  8 rats
175 creatures vanquished.

Vanquished Creatures (others)
  A fungus (Lair:1)
  11 plants
12 creatures vanquished.

Grand Total: 187 creatures vanquished

Notes
Turn   | Place    | Note
-------+----------+-------------------------------------------
     0 | D:1      | HoaS the Demigod Hunter began the quest for the Orb.
     0 | D:1      | Reached XP level 1. HP: 17/17 MP: 3/3
    68 | D:1      | Reached skill level 4 in Ranged Weapons
   145 | D:1      | Reached XP level 2. HP: 24/24 MP: 4/4
   660 | D:1      | Reached XP level 3. HP: 29/29 MP: 5/5
  1085 | D:2      | Reached skill level 5 in Ranged Weapons
  1622 | D:3      | Noticed Sigmund
  1630 | D:3      | Killed Sigmund
  1631 | D:3      | Reached skill level 6 in Ranged Weapons
  1631 | D:3      | Reached XP level 4. HP: 32/36 MP: 6/6
  1631 | D:3      | Reached XP level 5. HP: 36/41 MP: 7/7
  2157 | D:3      | Identified the +1 helmet of Ubymiklou {rPois Str-2 Int+3}
  2157 | D:3      | Noticed Robin
  2796 | D:3      | Killed Robin
  2797 | D:3      | Reached XP level 6. HP: 47/48 MP: 8/8
  3012 | D:4      | Reached skill level 7 in Ranged Weapons
  3085 | D:4      | Found Damono's Antique Armour Boutique.
  3659 | D:5      | Entered Level 5 of the Dungeon
  3974 | D:5      | Noticed Ijyb
  3981 | D:5      | Killed Ijyb
  4397 | D:5      | Reached skill level 8 in Ranged Weapons
  4680 | D:5      | Reached XP level 7. HP: 53/53 MP: 9/9
  5290 | D:6      | Reached skill level 9 in Ranged Weapons
  5777 | D:6      | Reached XP level 8. HP: 60/60 MP: 10/10
  6107 | D:6      | Reached skill level 10 in Ranged Weapons
  6312 | D:7      | Found a staircase to the Ecumenical Temple.
  6790 | D:7      | Reached skill level 11 in Ranged Weapons
  7108 | D:8      | Noticed a two-headed ogre
  7299 | D:8      | Reached XP level 9. HP: 67/67 MP: 11/11
  7457 | D:8      | Killed a two-headed ogre
  7458 | D:8      | Reached skill level 12 in Ranged Weapons
  7553 | D:8      | Identified the +7 trident of Tinuutas {heavy, +Blink rPois
                  | Str+3}
  8029 | D:8      | Reached skill level 13 in Ranged Weapons
  8288 | D:9      | Reached skill level 15 in Ranged Weapons
  8288 | D:9      | Reached XP level 10. HP: 73/73 MP: 13/13
  8358 | D:9      | Noticed a tengu warrior
  8367 | D:9      | Killed a tengu warrior
  8368 | D:9      | Reached skill level 16 in Ranged Weapons
  8670 | D:9      | Found the +18 Lear's hauberk
  8713 | D:10     | Entered Level 10 of the Dungeon
  8885 | D:10     | Noticed an elephant
  8916 | D:10     | Killed an elephant
  8917 | D:10     | Reached XP level 11. HP: 67/83 MP: 14/14
  8990 | D:10     | Found a staircase to the Lair.
  8998 | D:10     | Found a staircase to the Orcish Mines.
  9065 | Lair:1   | Entered Level 1 of the Lair of Beasts
  9335 | Lair:1   | Noticed a catoblepas
  9352 | Lair:1   | Demolished by a catoblepas

Illustrated notes

Levels and vault maps discovered:
D:1:      lemuel_arrival_lava_pool, layout_basic,
          hellmonk_ecumenical_altar_dog_temple, chequers_serial_rivers_small_a
D:2:      cheibrodos_old_hovel, layout_rooms, chequers_garden
D:3:      layout_loops_ring, uniq_robin, uniq_sigmund
D:4:      layout_basic, nicolae_vehumet_radiance, serial_shops,
          nicolae_shop_advertising_works [nicolae_subvault_shop_adworks],
          feat_on_display
D:5:      layout_layer_cave, serial_park_tiny_pond, nicolae_grassy_gnolls,
          uniq_ijyb
D:6:      layout_loops_cross, mainiacjoe_overflow_chevrons
D:7:      layout_basic, general_overflow_altar, amcnicky_altar_gilded,
          nicolae_dithmenos_the_darkroom, minmay_temple_entry_gardened_gates,
          minmay_misc_feat_tower
D:8:      layout_layer_cave, trog_ov_bears_minmay
D:9:      layout_rooms, hellmonk_guarded_unrand_lears
D:10:     layout_roguey, chequers_temple_overflow_minitemple,
          david_lair_generic, orc_0_dummy
Lair:1:   layout_roguey, lightli_volcano_entry_magma_tube, grunt_megastairs_1

Skill      XL: |  1  2  3  4  5  6  7  8  9 10 11 |
---------------+----------------------------------+-----
Ranged Weapons | 4 6 8 9 11 15 16 | 16.0
Fighting       | 3 4 |  4.9
Dodging        | 3 4 |  4.9
Stealth        | |  0.8

Action                     |  1- 3 |  4- 6 |  7- 9 | 10-12 || total
---------------------------+-------+-------+-------+-------++-------
  Melee: Unarmed           |       |       |    15 |       ||    15
   Fire: Shortbow          |   148 |   125 |   227 |   144 ||   644
  Evoke: Wand              |       |       |     1 |     3 ||     4
    Use: Scroll            |     9 |     5 |    10 |     4 ||    28
         Potion            |       |       |     2 |       ||     2
 Armour: Leather armour    |    33 |    24 |    74 |    44 ||   175
         Skin              |       |       |     6 |       ||     6
  Dodge: Dodged            |    64 |    32 |    81 |    62 ||   239

Table legend: (Time is in decaauts)
 A = Elapsed time spent in this place.
 B = Non-inter-level travel time spent in this place.
 C = Inter-level travel time spent in this place.
 D = Time resting spent in this place.
 E = Time spent auto-exploring this place.
 F = Levels seen in this place.
 G = Mean time per level.
                   A        B        C        D        E       F      G
               +--------+--------+--------+--------+--------+-----+--------+
         Total |   9396 |   8809 |    587 |   1577 |   5878 |  11 |  854.2 |
       Dungeon |   9121 |   8534 |    587 |   1462 |   5793 |  10 |  912.1 |
          Lair |    275 |    275 |      0 |    115 |     85 |   1 |  275.0 |
               +--------+--------+--------+--------+--------+-----+--------+

Top non-repeatable levels by time:
     D:5: 1443 daAuts
     D:3: 1232 daAuts
     D:8: 1136 daAuts
     D:6: 1036 daAuts
     D:7: 964 daAuts
     D:1: 897 daAuts
     D:4: 884 daAuts
     D:2: 756 daAuts
     D:9: 429 daAuts
    D:10: 339 daAuts
  Lair:1: 275 daAuts
